 Dungeon Crawl Stone Soup version 0.14-a0-1844-g8283a67 (webtiles) character file.

854 M4edhros the Ducker (level 7, -5/46 HPs)
             Began as an Octopode Chaos Knight on Jan 12, 2014.
             Was a Plaything of Xom.
             Slain by an iguana (11 damage)
             ... on Level 6 of the Dungeon.
             The game lasted 00:10:08 (4298 turns).

M4edhros the Ducker (Octopode Chaos Knight)         Turns: 4298, Time: 00:10:08

HP  -5/46        AC  2     Str 12      XL: 7   Next: 28%
MP  20/20        EV 14     Int 16      God: Xom
Gold 308         SH  0     Dex 11      Spells:  2 memorised,  4 levels left

rFire  . . .     SeeInvis .     a - +0 spear (chaos)
rCold  . . .     Clarity  .     (no shield)
rNeg   . . .     Conserve .     (helmet restricted)
rPois  .         rCorr    .     f - amulet of stasis
rElec  .         rRot     .     n - ring of magical power
SustAb . .       Spirit   .     (no ring)
rMut   .         Warding  .     (no ring)
Saprov . . .     Stasis   +     (no ring)
                                (no ring)
                                (no ring)
                                (no ring)
                                (no ring)

@: slightly resistant to hostile enchantments, fairly stealthy
A: almost no armour, amphibious, 8 rings, constrict 8, molten scales 1,
camouflage 1, blurry vision 2, breathe flames 1, herbivore 1, low mp 1,
gelatinous body 1
a: Renounce Religion, Breathe Fire


You were on level 6 of the Dungeon.
You worshipped Xom.
You were a favourite toy of Xom.
You were not hungry.

You visited 1 branch of the dungeon, and saw 6 of its levels.

You collected 334 gold pieces.
You spent 26 gold pieces at shops.

Inventory:

Hand weapons
 a - a +0,+0 spear of chaos (weapon)
Magical devices
 b - a wand of fire (3)
 e - a wand of slowing (3)
 l - a wand of draining (0)
 y - a wand of enslavement (10)
Comestibles
 c - 4 bread rations
 r - 2 apples
 x - a meat ration
 A - a sausage
Scrolls
 d - a scroll of fog
 i - a scroll of recharging {unknown}
 j - 2 scrolls of curse jewellery {unknown}
 k - 3 scrolls of identify
 m - 4 scrolls of remove curse
 s - 2 scrolls of teleportation
 t - a scroll of magic mapping {unknown}
 u - a scroll of fear {unknown}
 w - a scroll of blinking {unknown}
Jewellery
 f - an amulet of stasis (around mantle)
 n - a ring of magical power (left tentacle)
 B - the ring "Ynliralu" {Ice Contam +Fly, unknown}
   (You found it on level 6 of the Dungeon)

   [ring of ice]

   It lets you fly.
   It causes magical contamination when unequipped.
Potions
 g - a potion of agility
 h - 2 potions of poison
 q - 2 potions of invisibility
 v - a potion of resistance
 z - a potion of flight
Books
 o - a book of Flames

   Spells                             Type                      Level
   Flame Tongue                       Conjuration/Fire             1
   Throw Flame                        Conjuration/Fire             2
   *Conjure Flame                     Conjuration/Fire             3
   Inner Flame                        Hexes/Fire                   3
   *Sticky Flame                      Conjuration/Fire             4
   Fireball                           Conjuration/Fire             5
 p - a book of Cantrips

   Spells                             Type                      Level
   Confusing Touch                    Hexes                        1
   Animate Skeleton                   Necromancy                   1
   Summon Small Mammal                Summoning                    1
   Apportation                        Translocation                1


   Skills:
 - Level 3.0 Fighting
 + Level 3.0 Polearms
 - Level 5.4 Dodging
 * Level 2.6 Spellcasting
 * Level 3.0 Conjurations
 * Level 2.9 Fire Magic


You had 4 spell levels left.
You knew the following spells:

 Your Spells              Type           Power        Failure   Level  Hunger
a - Conjure Flame         Conj/Fire      ##......     17%         3    ###....
b - Sticky Flame          Conj/Fire      ##......     63%         4    #####..


Dungeon Overview and Level Annotations

Branches:
Dungeon (6/16)             Temple (0/1) D:5

Altars:
Xom
the Shining One

Shops:
D:4 *


Innate Abilities, Weirdness & Mutations

You cannot wear most types of armour.
You are amphibious.
You can wear up to eight rings at the same time.
You can use your tentacles to constrict many enemies at once.
Your skin changes colour to match your surroundings (Stlth).
Your rubbery body absorbs attacks (AC +1).
You are partially covered in molten scales (AC +1).
Your vision is quite blurry.
You can breathe flames.
You digest meat inefficiently.
Your magical capacity is low (-10% MP).


Message History

You have got your breath back.
You hit the iguana but do no damage. You grab the iguana.
The iguana is lightly wounded.
You constrict the iguana. The iguana barely misses you.
You hit the iguana but do no damage.
You squeeze the iguana, but do no damage.
The iguana is moderately wounded.
You constrict the iguana, but do no damage.
The iguana bites you!
You hit the iguana. You drain the iguana! You squeeze the iguana.
The iguana is almost dead.
You constrict the iguana. The iguana bites you!
* * * LOW HITPOINT WARNING * * *
You are too injured to fight recklessly!
You are too injured to fight recklessly!
You hit the iguana but do no damage.
The iguana is almost dead.
You constrict the iguana, but do no damage.
The iguana bites you!
You die...

#########################
................@l.......
......#+#####............
###...# #.....f.f...
..#...# #..########+
..#...# #..# ..#...# #..#
###...#######..#
...............#
....#####......#


You could see 2 active ballistomycetes and an iguana.

Vanquished Creatures
  An orc warrior (D:6)
  A centaur (D:6)
  A giant frog (D:6)
  2 orc priests
  2 orc wizards
  An iguana (D:4)
  Ijyb (D:3)
  4 gnolls
  2 adders
  A gnoll (shapeshifter) (D:4)
  A giant mite (D:3)
  2 worms
  An adder skeleton (D:6)
  A giant eyeball (D:6)
  Terence (D:3)
  A giant gecko (D:3)
  19 orcs
  2 ball pythons
  3 bats
  5 giant cockroaches
  3 hobgoblins
  2 jackals (D:3)
  A quokka (D:3)
  3 giant newts
  A giant spore (D:6)
  8 goblins
  10 kobolds
  7 rats
  A rat skeleton (D:4)
  A ballistomycete (D:6)
89 creatures vanquished.

Vanquished Creatures (others)
  A kobold skeleton (D:4)
1 creature vanquished.

Grand Total: 90 creatures vanquished

Notes
Turn   | Place    | Note
--------------------------------------------------------------
     0 | D:1      | M4edhros, the Octopode Chaos Knight, began the quest for the Orb.
     0 | D:1      | Reached XP level 1. HP: 16/16 MP: 1/1
    48 | D:1      | Reached XP level 2. HP: 10/21 MP: 2/2
   341 | D:2      | XOM: harmless Necr miscast
   422 | D:2      | Reached XP level 3. HP: 26/26 MP: 3/3
   594 | D:3      | Gained mutation: Your vision is a little blurry. [potion of mutation]
   594 | D:3      | Gained mutation: You can breathe flames. [potion of mutation]
   594 | D:3      | Gained mutation: You digest meat inefficiently. [potion of mutation]
   622 | D:3      | Reached skill level 4 in Dodging
   622 | D:3      | Reached XP level 4. HP: 2/31 MP: 4/4
   799 | D:3      | XOM: silly message
   804 | D:3      | HP: 1/31 [worm (10)]
  1043 | D:3      | XOM: cast spell 'Beastly Appendage'
  1061 | D:3      | Noticed Terence
  1068 | D:3      | XOM: enchant monster (good)
  1077 | D:3      | Killed Terence
  1119 | D:3      | XOM: divination: magic mapping
  1178 | D:3      | Found a glowing golden altar of the Shining One.
  1264 | D:3      | Noticed Ijyb
  1278 | D:3      | Killed Ijyb
  1426 | D:3      | Reached skill level 5 in Dodging
  1535 | D:3      | XOM: divination: detect items
  1668 | D:3      | Gained mutation: Your vision is quite blurry. [potion of mutation]
  1668 | D:3      | Gained mutation: You are partially covered in molten scales (AC +1). [potion of mutation]
  1668 | D:3      | Gained mutation: Your magical capacity is low (-10% MP). [potion of mutation]
  1783 | D:4      | Found Braaxaih's Assorted Antiques.
  1786 | D:4      | Bought a glowing brown potion for 26 gold pieces
  1934 | D:4      | XOM: silly message
  1946 | D:4      | Reached XP level 5. HP: 30/36 MP: 4/4
  2082 | D:4      | Learned a level 3 spell: Conjure Flame
  2169 | D:4      | XOM: cast spell 'Flight'
  2213 | D:4      | Noticed a phantom
  2244 | D:5      | Entered Level 5 of the Dungeon
  2361 | D:5      | Found a staircase to the Ecumenical Temple.
  2639 | D:5      | Found a shimmering altar of Xom.
  2697 | D:5      | Reached skill level 1 in Conjurations
  3042 | D:3      | Reached skill level 1 in Fire Magic
  3062 | D:3      | XOM: god gift: copper wand {god gift}
  3095 | D:3      | Reached skill level 1 in Spellcasting
  3346 | D:5      | Reached XP level 6. HP: 25/42 MP: 7/7
  3711 | D:6      | Noticed an orc warrior
  3725 | D:6      | Noticed a centaur
  3728 | D:6      | XOM: noise
  3790 | D:5      | XOM: cast spell 'Summon Butterflies'
  3923 | D:6      | Learned a level 4 spell: Sticky Flame
  3982 | D:6      | Killed an orc warrior
  3983 | D:6      | Reached XP level 7. HP: 10/46 MP: 10/10
  4005 | D:6      | HP: 1/46 [orc/ tomahawk (8)]
  4008 | D:6      | XOM: enchant monster (good)
  4214 | D:6      | XOM: confuse monster(s)
  4216 | D:6      | Killed a centaur
  4246 | D:6      | Got a faintly glowing tin ring
  4298 | D:6      | Slain by an iguana

Action                   |  1- 3 |  4- 6 |  7- 9 || total
-------------------------+-------+-------+-------++-------
Melee: Spear             |    57 |   202 |    36 ||   295
 Abil: Breathe Fire      |       |     2 |     1 ||     3
Evoke: Wand              |       |     4 |     5 ||     9
  Use: Scroll            |     5 |     5 |       ||    10
       Potion            |     5 |    10 |     1 ||    16
 Stab: Sleeping          |     5 |     7 |       ||    12
       Paralysed         |     2 |    15 |       ||    17
       Confused          |       |     2 |     2 ||     4
